 Dungeon Crawl Stone Soup version 0.23.2-1-ga50397a (webtiles) character file.

Game seed: 15567796323795861759

222 rubbery the Insei (level 5, -6/33 HPs)
             Began as an Octopode Transmuter on June 2, 2019.
             Mangled by a kobold
             ... wielding a +0 club
              (7 damage)
             ... on level 3 of the Dungeon.
             The game lasted 00:05:21 (4126 turns).

rubbery the Insei (Octopode Transmuter)             Turns: 4126, Time: 00:05:22

Health: -6/33      AC:  1    Str:  9    XL:     5   Next: 99%
Magic:  8/8        EV: 16    Int: 16    God:
Gold:   164        SH:  0    Dex: 13    Spells: 2/8 levels left

rFire    . . .     SeeInvis .     - Unarmed
rCold    . . .     Gourm    .   (no shield)
rNeg     . . .     Faith    +   (helmet restricted)
rPois    .         Spirit   .   u - amulet of faith
rElec    .         Reflect  .   t - +2 ring of evasion
rCorr    .         Harm     .   (no ring)
MR       .....     Clarity  +   (no ring)
Stlth    +++.......             (no ring)
HPRegen  0.11/turn              (no ring)
MPRegen  0.11/turn              (no ring)
                                (no ring)
                                (no ring)

@: no status effects
A: almost no armour, stealthy swim, amphibious, 8 rings, constrict 8, antennae
1, camouflage 1, clarity, gelatinous body 1, no potion heal 1
a: no special abilities


You were on level 3 of the Dungeon.
You were not hungry.

You visited 1 branch of the dungeon, and saw 3 of its levels.

You collected 164 gold pieces.

Inventory:

Missiles
 a - 105 arrows
 m - a throwing net (quivered)
Armour
 h - a +0 shield
Jewellery
 l - an uncursed ring of fire
 t - a +2 ring of evasion (left tentacle)
 u - an amulet of faith (around mantle)
Wands
 q - a wand of clouds (2)
Scrolls
 b - 4 scrolls of teleportation {unknown}
 d - a scroll of immolation {unknown}
 e - 2 scrolls of magic mapping {unknown}
 f - a scroll of identify {unknown}
 i - a scroll of enchant weapon {unknown}
 s - a scroll of blinking {unknown}
Potions
 g - 4 potions of mutation
 j - 3 potions of heal wounds {unknown}
 k - a potion of cancellation {unknown}
 o - 3 potions of lignification {unknown}
 p - a potion of resistance {unknown}
 r - a potion of might
Comestibles
 c - 3 rations
 n - 3 chunks of flesh


   Skills:
 + Level 1.5 Fighting
 + Level 2.6 Dodging
 - Level 1.3 Stealth
 + Level 5.1 Unarmed Combat
 + Level 2.3 Spellcasting
 + Level 2.3 Transmutations
 * Level 2.1 Poison Magic


You had 2 spell levels left.
You knew the following spells:

 Your Spells              Type           Power        Failure   Level  Hunger
a - Beastly Appendage     Tmut           #.....       8%          1    #......
b - Sticks to Snakes      Tmut           #.......     12%         2    ###....
c - Spider Form           Tmut/Pois      #.........   24%         3    ###....

Your spell library contained the following spells:

 Spells                   Type           Power        Failure   Level  Hunger
 Animate Skeleton         Necr           N/A          21%         1    #......
 Apportation              Tloc           #.....       21%         1    #......
 Confusing Touch          Hex            #.....       21%         1    #......
 Summon Small Mammal      Summ           #...         21%         1    #......
 Ice Form                 Ice/Tmut       #.......     77%         4    #####..
 Blade Hands              Tmut           #.........   91%         5    ######.


Dungeon Overview and Level Annotations

Branches:
Dungeon (3/15)

Altars:

Annotations:
D:2 exclusion: downstairs


Innate Abilities, Weirdness & Mutations

You cannot wear most types of armour.
You are very stealthy in the water. (Stealth+)
You are amphibious.
You can wear up to eight rings at the same time.
You can use your tentacles to constrict eight enemies at once.
Your skin changes colour to match your surroundings (Stealth+).
Your rubbery body absorbs attacks. (AC +1, EV +1)
You have a pair of small antennae on your head.
You possess an exceptional clarity of mind.
Potions are less effective at restoring your health.


Message History

You see here a stone.
You barely miss the gnoll. Your grab misses the gnoll.
The kobold throws a stone.
The stone hits you but does no damage.
You closely miss the gnoll. You grab the gnoll.
You constrict the gnoll, but do no damage.
The gnoll closely misses you.
You tentacle-slap the gnoll.
The gnoll is moderately wounded.
You constrict the gnoll. The kobold closely misses you.
The gnoll hits you with a +0 halberd!!
Ouch! That really hurt!
* * * LOW HITPOINT WARNING * * *
You are too injured to fight recklessly!
You are too injured to fight recklessly!
You are too injured to fight recklessly!
It was a potion of mutation.
You feel extremely strange.
Your system partially rejects the healing effects of potions.
Your thoughts seem clearer.
A pair of antennae grows on your head!
You constrict the gnoll. The kobold hits you with a +0 club!
You die...

#.##.......####.###.#...#####.#.
##.#.##...### #.##.###.##.....#.
#...#.#..>#### #.#.##
##.#.#####.
...###.......###.##.###.##.###
## #...#.######.##..
##.#.#.....# ##.#.## #.##.##
##.##.###.#### #.#.#
#.#...####.#..# #..... #.#.#
#....Kg....#..###.####
#.#.#########..@####.#......# #
#...........##.## #.#.##.### #
###.########. #.# #.#.##.# # #
#.### # #.# #.#.##.###### #
#...# #.##(#####.#.......... #
###.# #..........#.##.###### #
#.# ###....#####.##.# # # #.#
#....# #.##.# # #####.# ####.#
#.##.######


You could see a gnoll and a kobold.

Vanquished Creatures
  Jessica (D:2)
  3 gnolls (D:3)
  8 adders
  3 worms
  4 dart slugs
  3 leopard geckos
  5 orcs
  4 ball pythons
  5 bats
  4 giant cockroaches
  6 hobgoblins
  10 jackals
  A quokka (D:3)
  6 frilled lizards
  4 goblins
  5 kobolds
  5 rats
77 creatures vanquished.

Notes
Turn   | Place    | Note
-------+----------+-------------------------------------------
     0 | D:1      | rubbery the Octopode Transmuter began the quest for the
                  | Orb.
     0 | D:1      | Reached XP level 1. HP: 13/13 MP: 3/3
     1 | D:1      | Noticed an electric eel
   181 | D:1      | Reached XP level 2. HP: 7/18 MP: 1/5
   970 | D:2      | Noticed Jessica
   975 | D:2      | Learned a level 2 spell: Sticks to Snakes
   981 | D:2      | Killed Jessica
   981 | D:2      | Reached XP level 3. HP: 23/23 MP: 4/6
   998 | D:2      | Learned a level 3 spell: Spider Form
  1008 | D:2      | Reached skill level 4 in Unarmed Combat
  1351 | D:2      | Reached skill level 1 in Stealth
  1351 | D:2      | Reached XP level 4. HP: 28/28 MP: 7/7
  2323 | D:2      | Reached XP level 5. HP: 32/33 MP: 8/8
  2605 | D:3      | Reached skill level 1 in Poison Magic
  3093 | D:3      | Reached skill level 5 in Unarmed Combat
  4125 | D:3      | HP: 1/33 [gnoll/+0 halberd (18)]
  4126 | D:3      | Gained mutation: Potions are less effective at restoring
                  | your health. [potion of mutation]
  4126 | D:3      | Gained mutation: You possess an exceptional clarity of
                  | mind. [potion of mutation]
  4126 | D:3      | Gained mutation: You have a pair of small antennae on your
                  | head. [potion of mutation]
  4126 | D:3      | Mangled by a kobold

Skill      XL: |  1  2  3  4  5 |
---------------+----------------+-----
Unarmed Combat | 4 5 |  5.1
Stealth        | 1 |  1.3
Poison Magic   | 2 |  2.1
Fighting       | |  1.5
Dodging        | |  2.6
Spellcasting   | |  2.3
Transmutations | |  2.3

Action                   |  1- 3 |  4- 6 || total
-------------------------+-------+-------++-------
Melee: Unarmed           |    60 |   135 ||   195
       Constrict         |    14 |    30 ||    44
       Tentacles         |     4 |    19 ||    23
       Punch             |     1 |     3 ||     4
       Kick              |     1 |     6 ||     7
 Cast: Beastly Appendage |     2 |     4 ||     6
       Spider Form       |       |     1 ||     1
  Use: Potion            |       |     1 ||     1
 Stab: Sleeping          |     2 |    11 ||    13
       Distracted        |     1 |       ||     1
  Eat: Chunk             |     1 |     9 ||    10
Armor: Skin              |     7 |    10 ||    17
Dodge: Dodged            |    42 |    71 ||   113
